 Dungeon Crawl Stone Soup version 0.26.0-15-gc6cd9f7 (webtiles) character file.

Game seed: 3255351804102399842

3671 garbled the Covert (level 9, -8/68 HPs)
             Began as a Vampire Earth Elementalist on Jan 22, 2021.
             Was a Follower of Ru.
             Mangled by a two-headed ogre
             ... wielding a +0 giant club
              (12 damage)
             ... on level 8 of the Dungeon.
             The game lasted 00:40:58 (8051 turns).

garbled the Covert (Vampire Earth Elementalist)     Turns: 8051, Time: 00:40:58

Health: -8/68      AC: 10    Str:  8    XL:     9   Next: 89%
Magic:  10/19      EV: 13    Int: 19    God:    Ru [*.....]
Gold:   83         SH:  0    Dex: 15    Spells: 6/21 levels left

rFire    . . .     SeeInvis +   n - +1 dagger (drain)
rCold    + + +     Faith    .   (no shield)
rNeg     . . .     Spirit   .   h - +4 skin of Zhor {Englaciate rC+++ SInv}
rPois    .         Reflect  .   y - +0 helmet
rElec    .         Harm     .   x - +0 cloak
rCorr    .         Rampage  +   F - +0 pair of gloves
Will     .....                  c - +0 pair of boots {rampage}
Stlth    ++++......             (no amulet)
HPRegen  0.41/turn              (no ring)
MPRegen  0.16/turn              (no ring)

@: regenerating quickly, studying Throwing
A: fangs 3, see invisible, unbreathing, hated by all
a: Exsanguinate, Renounce Religion


You were on level 8 of the Dungeon.
You worshipped Ru.
Ru was aware of your devotion.
You visited 1 branch of the dungeon, and saw 8 of its levels.

You collected 1632 gold pieces.
You spent 1549 gold pieces at shops.

Inventory:

Hand Weapons
 n - a +1 dagger of draining (weapon)
 t - a +1 mace of venom
Missiles
 b - 86 stones
 s - 45 poisoned darts
Armour
 a - a +1 pair of gloves
 c - a +0 pair of boots of rampaging (worn)
 h - the +4 skin of Zhor (worn) {Englaciate rC+++ SInv}
   (You bought it in a shop on level 4 of the Dungeon)

   It renders you almost immune to cold.
   It lets you see invisible.
 x - a +0 cloak (worn)
 y - a +0 helmet (worn)
 A - a +2 leather armour of willpower
 F - a +0 pair of gloves (worn)
Jewellery
 j - a +4 ring of evasion
Wands
 m - a wand of paralysis (9)
 v - a wand of flame (18)
 D - a wand of disintegration (6)
Scrolls
 d - 6 scrolls of identify
 f - 6 scrolls of enchant armour
 l - 4 scrolls of remove curse
 q - 5 scrolls of teleportation
 u - a scroll of amnesia
 B - 2 scrolls of fog
 C - a scroll of blinking
Potions
 e - a potion of ambrosia
 g - 2 potions of magic
 i - 2 potions of lignification
 k - a potion of attraction
 o - a potion of haste
 p - 3 potions of might
 r - a potion of cancellation
 w - 2 potions of mutation
 z - a potion of brilliance
Books
 E - a manual of Throwing


   Skills:
 + Level 5.0 Fighting
 + Level 3.9 Short Blades
 - Level 2.1 Dodging
 + Level 9.3 Stealth
 + Level 6.8 Spellcasting
 - Level 3.0 Conjurations
 - Level 1.1 Transmutations
 + Level 7.9 Earth Magic


You had 6 spell levels left.
You knew the following spells:

 Your Spells              Type           Power        Failure   Level
a - Sandblast             Erth           72%          1%          1
b - Passwall              Tmut/Erth      19%          2%          2
c - Stone Arrow           Conj/Erth      54%          3%          3
d - Petrify               Tmut/Erth      23%          16%         4
e - Lee's Rapid Deconstr  Erth           18%          11%         5

Your spell library contained the following spells:

 Spells                   Type           Power        Failure   Level
 Beastly Appendage        Tmut           20%          7%          1
 Wereblood                Tmut           10%          10%         2
 Spider Form              Tmut/Pois      4%           24%         3
 Confusing Touch          Hex            6%           30%         3
 Gell's Gravitas          Tloc           3%           30%         3
 Ice Form                 Ice/Tmut       8%           63%         4
 Blade Hands              Tmut           5%           88%         5
 Yara's Violent Unravell  Hex/Tmut       4%           92%         5
 Metabolic Englaciation   Hex/Ice        3%           96%         5


Dungeon Overview and Level Annotations

Branches:
Dungeon (8/15)             Temple (0/1) D:7
   Lair: D:8-11

Altars:
Elyvilon
Fedhas
Gozag
Ru
Wu Jian

Shops:
D:4 [   D:6 ?[[?*

Annotations:
D:2 exclusion: downstairs


Innate Abilities, Weirdness & Mutations

Your natural rate of healing is unusually fast.
You have razor-sharp teeth.
You have supernaturally acute eyesight. (SInv)
You can survive without breathing.
You are hated by all.


Message History

Casting: Stone Arrow (dangerous; 3% risk of failure)
Confirm with . or Enter, or press ? or * to list all spells.
Aiming: Stone Arrow (dangerous; 3% risk of failure)
Press: ? - help, Shift-Dir - straight line, f/p - two-headed ogre
Aim: a two-headed ogre, wielding two +0 giant clubs (heavily wounded, 14% to evade)
The stone arrow hits the two-headed ogre.
The two-headed ogre is severely wounded.
The two-headed ogre hits you with a +0 giant club! x2
* * * LOW HITPOINT WARNING * * *
Casting: Stone Arrow (dangerous; 3% risk of failure)
Confirm with . or Enter, or press ? or * to list all spells.
Aiming: Stone Arrow (dangerous; 3% risk of failure)
Press: ? - help, Shift-Dir - straight line, f/p - two-headed ogre
Aim: a two-headed ogre, wielding two +0 giant clubs (severely wounded, 14% to evade)
The stone arrow hits the two-headed ogre!
The two-headed ogre is almost dead.
The two-headed ogre hits you with a +0 giant club!
* * * LOW HITPOINT WARNING * * *
The two-headed ogre hits you with a +0 giant club!
You die...

#.# #.# #.#
#.#########
#.#.......#
#.#.......#
#.#.......#
##'#.....O.##
#........@..#
#....######.#
########....# #.#
........#'### ...
#####>..c......
.....
#.#.#.######._8_.#
#.................
#.#.#.###
##...o... #.#.#.#
##O...[..


You could see a two-headed ogre.

Vanquished Creatures
  A two-headed ogre (D:8)
  Grinder (D:3)
  Sigmund (D:3)
  A wyvern (D:7)
  Edmund (D:5)
  A water moccasin (D:6)
  An orc warrior (D:6)
  2 ice beasts (D:6)
  2 black bears
  4 ogres
  A phantom (D:6)
  A centaur (D:5)
  2 bullfrogs (D:6)
  A scorpion (D:6)
  2 jellies
  A quasit (D:8)
  3 orc wizards
  2 bullfrog skeletons (D:7)
  2 hounds
  8 orc priests
  2 bullfrog zombies
  A centaur skeleton (D:5)
  Ijyb (D:3)
  Terence (D:3)
  10 worker ants
  A hound zombie (D:6)
  A hound skeleton (D:8)
  3 adders
  3 gnolls (D:5)
  2 shadow imps
  3 white imps
  3 ufetubi
  An ooze (D:6)
  2 adder skeletons
  An adder zombie (D:7)
  A worm (D:2)
  3 dart slugs
  2 leopard geckos
  23 orcs
  11 bats
  6 giant cockroaches
  4 goblins
  11 hobgoblins
  7 jackals
  3 quokkas
  A ball python (D:3)
  A ball python skeleton (D:6)
  6 frilled lizards
  2 giant cockroach zombies
  6 kobolds
  A leopard gecko zombie (D:7)
  A quokka zombie (D:6)
  5 rats
167 creatures vanquished.

Vanquished Creatures (others)
  A leopard gecko (D:7)
1 creature vanquished.

Grand Total: 168 creatures vanquished

Notes
Turn   | Place    | Note
-------+----------+-------------------------------------------
     0 | D:1      | garbled the Vampire Earth Elementalist began the quest for
                  | the Orb.
     0 | D:1      | Reached XP level 1. HP: 13/13 MP: 3/3
   180 | D:1      | Reached XP level 2. HP: 20/20 MP: 0/5
   262 | D:1      | Learned a level 2 spell: Passwall
   950 | D:2      | Found a faded altar of an unknown god.
   977 | D:2      | Reached XP level 3. HP: 25/25 MP: 3/6
  1045 | D:2      | Learned a level 3 spell: Stone Arrow
  1375 | D:2      | Reached skill level 1 in Fighting
  1933 | D:3      | Noticed Sigmund
  1938 | D:2      | Reached XP level 4. HP: 32/32 MP: 5/8
  2178 | D:3      | Reached skill level 4 in Stealth
  2242 | D:3      | Noticed Grinder
  2288 | D:3      | Reached XP level 5. HP: 26/29 MP: 2/9
  2438 | D:3      | Noticed Terence
  2442 | D:3      | Noticed Ijyb
  2461 | D:3      | Killed Terence
  2476 | D:3      | HP: 1/29 [Ijyb/puff of flame (6)]
  2482 | D:3      | Killed Ijyb
  2655 | D:3      | HP: 1/34 [Sigmund/puff of flame (14)]
  2657 | D:3      | Killed Sigmund
  2658 | D:3      | Reached skill level 5 in Stealth
  2658 | D:3      | Reached XP level 6. HP: 2/39 MP: 3/11
  2664 | D:3      | HP: 1/39 [kobold/+0 short sword (3)]
  2790 | D:3      | Killed Grinder
  2791 | D:3      | Reached skill level 5 in Earth Magic
  2791 | D:3      | Reached XP level 7. HP: 18/51 MP: 3/13
  3046 | D:3      | Found an opulent altar of Gozag.
  3155 | D:4      | Found Xeixt's Antique Armour Boutique.
  3302 | D:4      | Reached skill level 6 in Stealth
  3399 | D:4      | Reached skill level 5 in Spellcasting
  3687 | D:4      | Found an ornate altar of the Wu Jian Council.
  3798 | D:5      | Entered Level 5 of the Dungeon
  4182 | D:6      | Reached XP level 8. HP: 47/58 MP: 1/15
  4470 | D:6      | Found Loergh's Armour Shoppe.
  4509 | D:6      | Bought a +0 pair of boots of rampaging for 149 gold pieces
  4674 | D:6      | Found Zubol's Magic Scroll Boutique.
  4745 | D:6      | Reached skill level 7 in Stealth
  4832 | D:6      | Found Jizeir's General Store.
  4839 | D:6      | Bought a potion of magic for 96 gold pieces
  4888 | D:6      | Identified a scroll of acquirement
  4888 | D:6      | Acquired 1185 gold pieces
  4983 | D:4      | Bought the +4 skin of Zhor {Englaciate rC+++ SInv} for 1130
                  | gold pieces
  4983 | D:4      | Found the +4 skin of Zhor {Englaciate rC+++ SInv}
  5314 | D:5      | Learned a level 4 spell: Petrify
  5320 | D:5      | Learned a level 5 spell: Lee's Rapid Deconstruction
  5375 | D:5      | Found a sacrificial altar of Ru.
  5381 | D:5      | Became a worshipper of Ru the Awakened
  5455 | D:5      | Noticed Edmund
  5472 | D:5      | Killed Edmund
  5631 | D:5      | Reached skill level 1 in Short Blades
  5631 | D:5      | Reached skill level 1 in Conjurations
  6046 | D:6      | Found Biorevuzut's Armour Shop.
  6123 | D:6      | Reached XP level 9. HP: 61/65 MP: 3/18
  6413 | D:6      | Reached skill level 8 in Stealth
  6653 | D:6      | Found Noarph's Magic Scroll Emporium.
  6656 | D:6      | Bought a scroll of fog for 24 gold pieces
  6656 | D:6      | Bought a scroll of fog for 24 gold pieces
  6656 | D:6      | Bought a scroll of teleportation for 36 gold pieces
  6656 | D:6      | Bought a scroll of blinking for 90 gold pieces
  6944 | D:7      | Gained mutation: You are hated by all. [Ru sacrifice]
  6944 | D:7      | Reached * piety under Ru
  6992 | D:7      | Found a blossoming altar of Fedhas.
  7689 | D:7      | Found a staircase to the Ecumenical Temple.
  7797 | D:8      | Noticed a two-headed ogre
  7807 | D:8      | Killed a two-headed ogre
  7808 | D:8      | Reached skill level 5 in Fighting
  7808 | D:8      | Reached skill level 9 in Stealth
  8035 | D:8      | Found a white marble altar of Elyvilon.
  8036 | D:8      | Found an opulent altar of Gozag.
  8036 | D:8      | Noticed a two-headed ogre
  8051 | D:8      | Mangled by a two-headed ogre

Illustrated notes

Levels and vault maps discovered:
D:1:      wheals_arrival_shading, layout_basic
D:2:      layout_loops_ring, chequers_ecumenical_altar_twisty,
          kennysheep_generic_room_6
D:3:      layout_rooms, nicolae_gozag_cash_rules_everything_around_me,
          uniq_sigmund, uniq_terence, uniq_grinder, uniq_ijyb
D:4:      black_bear_nest_2, layout_cave_pools, nzn_wu_jian_council_hall,
          serial_shops, shop_statue
D:5:      layout_basic, hangedman_ru_absence, uniq_edmund
D:6:      layout_gridville, serial_shops, kennysheep_mini_moat, shop,
          kennysheep_mini, nicolae_shop_waterfront, nicolae_shop_trees,
          minmay_splitting_lines
D:7:      layout_basic, minmay_temple_entry_proselytizer, basic_altar,
          minmay_manual_mullet
D:8:      kennysheep_ambush_hall, layout_basic, gammafunk_temple_overflow_arena,
          nicolae_overflow_hidden_temple,
          chequers_temple_overflow_statue_of_worship

Skill      XL: |  1  2  3  4  5  6  7  8  9 |
---------------+----------------------------+-----
Fighting       | 1 2 3 4 5 |  5.0
Stealth        | 4 5 6 7 9 |  9.3
Spellcasting   | 3 4 5 6 |  6.8
Earth Magic    | 4 5 6 7 |  7.9
Short Blades   | 1 3 |  3.9
Conjurations   | 1 3 |  3.0
Dodging        | |  2.1
Transmutations | |  1.1

Action                   |  1- 3 |  4- 6 |  7- 9 || total
-------------------------+-------+-------+-------++-------
Melee: Unarmed           |    11 |       |       ||    11
       Mace              |     6 |    24 |    20 ||    50
       Bite              |       |     3 |    31 ||    34
       Dagger            |       |       |   272 ||   272
 Cast: Sandblast         |    65 |    40 |    45 ||   150
       Stone Arrow       |       |       |    67 ||    67
       Petrify           |       |       |     1 ||     1
Invok: Sacrifice Love    |       |       |     1 ||     1
 Abil: Exsanguinate      |       |     1 |       ||     1
       End Transformatio |       |     1 |       ||     1
       Stop Flying       |       |     1 |       ||     1
       Bat Form          |       |     1 |       ||     1
       Revivify          |       |     1 |       ||     1
  Use: Scroll            |     4 |     2 |    14 ||    20
 Stab: Sleeping          |       |       |    30 ||    30
       Distracted        |       |       |     3 ||     3
Armor: Robe              |    16 |     5 |     8 ||    29
       Animal skin       |       |       |    93 ||    93
       Leather armour    |       |       |     8 ||     8
Dodge: Dodged            |    34 |    28 |   205 ||   267
